 Dungeon Crawl Stone Soup version 0.23.0 (webtiles) character file.

Game seed: 9037876680294406272

79723 Borgoz the Nimble (level 15, -19/99 HPs)
             Began as a Gargoyle Gladiator on Feb 9, 2019.
             Was an Elder of Ashenzari.
             Killed from afar by a crystal guardian (38 damage)
             ... with a crystal bolt
             ... in the Desolation of Salt.
             The game lasted 01:22:30 (27413 turns).

Borgoz the Nimble (Gargoyle Gladiator)             Turns: 27413, Time: 01:22:31

Health: -19/99     AC: 25    Str: 18    XL:     15   Next: 64%
Magic:  15/15      EV: 24    Int: 10    God:    Ashenzari [****..]
Gold:   1374       SH:  0    Dex: 22    Spells: 14/14 levels left

rFire    . . .     SeeInvis +   a - +1 dire flail (drain)
rCold    + . .     Gourm    .   (shield currently unavailable)
rNeg     + . .     Faith    .   D - +2 ring mail of the Trombone {+Inv rPois rC+ rCorr}
rPois    ∞         Spirit   .   R - +0 helmet "Sigoipt" {MR+}
rElec    +         Reflect  .   (no cloak)
rCorr    +         Harm     .   L - +1 pair of gloves
MR       ++...     Clarity  +   (no boots)
Stlth    +.........             (no amulet)
HPRegen  0.26/turn              (no ring)
MPRegen  0.14/turn              p - +6 ring of dexterity

@: berserk cooldown, slowed, very slow
A: big wings, negative energy resistance 1, electricity resistance, unbreathing,
petrification resistance, rot immunity, AC +11
a: Fly, Curse Item, Scrying, Renounce Religion, Evoke Invisibility


You were in the Desolation of Salt.
You worshipped Ashenzari.
Ashenzari was greatly pleased with you.
You were not hungry.

You visited 5 branches of the dungeon, and saw 22 of its levels.
You also visited: Ossuary and Desolation.

You collected 1765 gold pieces.
You spent 391 gold pieces at shops.

Inventory:

Hand Weapons
 a - a +1 dire flail of draining (weapon)
 b - a +0 blowgun
 r - a +3 flail of crushing
 x - a +2 long sword of distortion
Missiles
 d - 3 throwing nets (quivered)
 k - 68 poisoned needles
 u - 8 silver tomahawks
Armour
 v - the +1 leather armour of a Labyrinth {rElec MP+9 Dex+4}
   (You found it on level 6 of the Lair of Beasts)

   It affects your dexterity (+4).
   It insulates you from electricity.
   It affects your magic capacity (+9).
 D - the +2 ring mail of the Trombone (worn) {+Inv rPois rC+ rCorr}
   (You found it on level 6 of the Lair of Beasts)

   It protects you from cold.
   It protects you from poison.
   It lets you turn invisible.
   It provides partial protection from all sources of acid and corrosion.
 L - a +1 pair of gloves (worn)
 R - the +0 helmet "Sigoipt" (worn) {MR+}
   (You found it on level 9 of the Dungeon)

   It affects your resistance to hostile enchantments.
 X - a +2 ring mail of magic resistance
Jewellery
 h - an uncursed ring of ice
 o - an uncursed ring of fire
 p - a +6 ring of dexterity (right hand)
 E - an uncursed ring of resist corrosion
 U - the cursed necklace of Bloodlust {*Rage +Rage MR++ Int-3 Slay+6 *Curse}
   (You found it on level 12 of the Dungeon)

   [amulet of rage]

   It affects your intelligence (-3).
   It affects your accuracy and damage with ranged weapons and melee attacks
   (+6).
   It affects your resistance to hostile enchantments.
   It lets you go berserk.
   It may make you go berserk in combat.
   It curses itself when equipped.
   It has a curse placed upon it.
 Y - the ring "Leipnin" {+Inv rElec Int-4 SInv}
   (You found it on level 12 of the Dungeon)

   [ring of see invisible]

   It affects your intelligence (-4).
   It insulates you from electricity.
   It lets you see invisible.
   It lets you turn invisible.
 Z - an uncursed ring of positive energy
Wands
 w - a wand of flame (19)
 H - a wand of paralysis (11)
 P - a wand of iceblast (10)
 Q - a wand of digging (5)
Scrolls
 j - a scroll of holy word
 l - 6 scrolls of teleportation
 m - 2 scrolls of fear
 q - 2 scrolls of blinking
 s - 3 scrolls of enchant armour
 C - a scroll of identify
 G - 2 scrolls of fog
 I - 11 scrolls of remove curse
 O - 4 scrolls of magic mapping
Potions
 c - 2 potions of agility
 e - a potion of berserk rage
 i - 10 potions of curing
 n - 7 potions of lignification
 t - a potion of brilliance
 z - 6 potions of haste
 A - 2 potions of resistance
 J - a potion of might
Comestibles
 f - 30 rations


   Skills:
 + Level 13.4 Fighting
 + Level 12.5 Maces & Flails
 - Level 1.7 Throwing
 + Level 13.2 Armour
 * Level 14.4 Dodging


You had 14 spell levels left.
You didn't know any spells.
Your spell library contained the following spells:

 Spells                   Type           Power        Failure   Level  Hunger
 Animate Skeleton         Necr           N/A          50%         1    ##.....
 Apportation              Tloc           #.....       50%         1    ##.....
 Confusing Touch          Hex            #.....       50%         1    ##.....
 Summon Small Mammal      Summ           #...         50%         1    ##.....
 Poisonous Vapours        Pois/Air       #.....       65%         2    ###....
 Conjure Flame            Conj/Fire      #.......     86%         3    ####...
 Mephitic Cloud           Conj/Pois/Air  #.......     86%         3    ####...
 Leda's Liquefaction      Hex/Erth       #.........   99%         4    #####..
 Bolt of Magma            Conj/Fire/Erth #.........   100%        5    ######.
 Freezing Cloud           Conj/Ice/Air   #.........   100%        6    #######
 Iron Shot                Conj/Erth      #.........   100%        6    #######
 Ring of Flames           Chrm/Fire      #.........   100%        7    #######
 Shatter                  Erth           #.........   100%        9    #######
 Statue Form              Tmut/Erth      Unusable     N/A         6    N/A

Dungeon Overview and Level Annotations

Branches:
Dungeon (12/15)            Temple (1/1) D:4            Lair (6/6) D:11
  Swamp (0/4) Lair:2        Snake (0/4) Lair:3        Slime (0/5) Lair:5
    Orc (2/2) D:11            Elf (1/3) Orc:2

Altars:
Ashenzari
Cheibriados
Dithmenos
Elyvilon
Fedhas
Gozag
Hepliaklqana
Kikubaaqudgha
Makhleb
Nemelex Xobeh
Okawaru
Qazlal
Ru
Sif Muna
Trog
Uskayaw
Vehumet
Wu Jian
Xom
Yredelemnul
Zin
The Shining One

Shops:
D:6 :   D:9 ?   D:12 !   Orc:2 (%}%[

Annotations:
Orc:1 3 runed translucent doors, ggurman's ghost, journeyman MiFi


Innate Abilities, Weirdness & Mutations

You are resistant to torment.
Your stone body is resilient. (AC +11)
You are immune to poison.
Your large and strong wings let you fly indefinitely.
You resist negative energy. (rN+)
You are resistant to electric shocks. (rElec)
You can survive without breathing.
You are immune to petrification.
You are immune to rotting.


Message History

The servant of whispers is almost dead.
The servant of whispers closely misses you.
You impale the servant of whispers!!
The air resumes its normal movements.
You kill the servant of whispers!
A crystal guardian comes into view.
Found the uncursed ring mail of the Worm {rPois MR+ Int+6}.
Things that are here:
a +0 spear; a +0 robe You feel a strong urge to attack something.
You are no longer berserk.
You are exhausted.
You feel yourself slow down.
Things that are here:
a +0 scimitar; a +0 leather armour The crystal guardian fires a crystalline bolt at you.
The crystal bolt freezes you. You resist.
* * * LOW HITPOINT WARNING * * *
The crystal guardian fires a crystalline bolt at you.
The crystal bolt burns you!!!
You die...

.#..8..8§...§§..§.......
, , ,
#..8.....§§..§§§.§......
......§..§§§§§§§.........
,
..8...§.§§§.8.§.§§.......
, ,
8........§§§§§§§§........
,,, ,
.........§§§§§§§.§.......
...§. ,...§§§§§...§§..§ ,
... ...§§§§§8..§§... ,
...§§.§§@..§§§.. ,, , ,
....§§§§...§§§§. , ,
,..........§§§§§§ , ,
.........##§§§§§.
........#..§§§§§.,, ,
...........)§..§. ,
.............§.... ,, *
...#.........§..§.. , ,
..............§.§.. * **


You could see a crystal guardian.

Vanquished Creatures
  Kirke (Lair:5)
  An imperial myrmidon (Desolation)
  Snorg (Lair:5)
  A crystal guardian (Desolation)
  A ragged hierophant (Desolation)
  3 servants of whispers (Desolation)
  Erica (Lair:1)
  A catoblepas (Lair:6)
  7 hydras
  2 ogre magi (Orc:2)
  A centaur warrior (D:12)
  A peacekeeper (Desolation)
  10 two-headed ogres
  An orc high priest (Orc:1)
  An unseen horror (D:11)
  2 deep trolls (Orc:1)
  3 orc sorcerers
  2 deep elf magi (Elf:1)
  2 orc knights
  8 elephants
  2 cyclopes (Orc:2)
  A manticore (D:11)
  2 oklob plants
  2 guardian serpents (D:11)
  4 black mambas
  2 gargoyles
  17 spiny frogs
  The ghost of Folque the Magician, a novice DrEE (D:5)
  A centaur skeleton (D:12)
  4 rime drakes
  6 komodo dragons
  14 trolls
  A tengu conjurer (D:12)
  4 tyrant leeches
  10 saltlings (Desolation)
  39 blink frogs
  7 dream sheep (Lair:5)
  Prince Ribbit (Lair:1)
  10 hippogriffs
  A slime creature (Lair:5)
  2 wraiths (Ossuary)
  2 water elementals (Elf:1)
  4 wyverns
  Eustachio (D:6)
  3 basilisks
  3 hungry ghosts
  29 yaks
  A hog (Lair:6)
  A steam dragon (Lair:4)
  6 vampire mosquitoes
  3 nagas (Lair:3)
  3 wargs
  3 swamp worms (Lair:2)
  An acid dragon (D:12)
  10 water moccasins
  Duvessa (D:6)
  12 orc warriors
  2 porcupines (Lair:5)
  2 ice beasts
  2 eyes of draining (D:12)
  A black bear (Lair:2)
  2 phantoms
  3 sky beasts
  25 ogres
  5 wolves (Lair:4)
  8 centaurs
  6 crocodiles
  4 big kobolds
  28 bullfrogs
  An elf zombie (D:8)
  2 elf skeletons (D:8)
  A gnoll sergeant (D:8)
  Dowan (D:6)
  A wyvern zombie (D:12)
  A scorpion (D:12)
  6 wights
  9 killer bees
  A vampire bat (Orc:1)
  2 electric eels
  2 howler monkeys
  5 crimson imps
  2 bullfrog zombies
  6 hounds
  2 centaur zombies
  21 orc wizards
  3 orc priests
  7 jellies
  2 bullfrog skeletons
  3 iguanas
  4 hell rats
  2 human skeletons (D:8)
  8 worker ants
  A hound zombie (D:8)
  3 hound skeletons
  2 worker ant zombies
  11 gnolls
  11 adders
  A howler monkey skeleton (D:11)
  A river rat (D:6)
  A shadow imp (D:10)
  7 oozes
  3 adder skeletons
  2 worms (D:3)
  2 dart slugs (D:1)
  8 leopard geckos
  53 orcs
  4 ball pythons
  11 giant cockroaches
  13 goblins
  7 hobgoblins
  7 jackals
  21 kobolds
  5 quokkas
  2 ball python skeletons (Ossuary)
  13 bats
  5 frilled lizards
  2 gnoll zombies (D:3)
  2 hobgoblin skeletons (Ossuary)
  A hobgoblin zombie (Ossuary)
  A kobold zombie (Ossuary)
  A leopard gecko zombie (D:7)
  3 orc skeletons
  2 orc zombies (Ossuary)
  A quokka skeleton (D:5)
  15 rats
  A plant (Lair:1)
667 creatures vanquished.

Vanquished Creatures (others)
  A rime drake (Lair:5)
  A porcupine (Lair:5)
  17 fungi
  32 plants
51 creatures vanquished.

Grand Total: 718 creatures vanquished

Notes
Turn   | Place    | Note
-------+----------+-------------------------------------------
     0 | D:1      | Borgoz the Gargoyle Gladiator began the quest for the Orb.
     0 | D:1      | Reached XP level 1. HP: 12/12 MP: 1/1
   259 | D:1      | Reached XP level 2. HP: 15/18 MP: 2/2
   421 | D:1      | Reached skill level 1 in Armour
   456 | D:1      | Reached XP level 3. HP: 19/22 MP: 3/3
   749 | D:1      | Reached skill level 3 in Dodging
   965 | D:2      | Reached XP level 4. HP: 20/27 MP: 4/4
  1410 | D:3      | Reached XP level 5. HP: 32/32 MP: 5/5
  1427 | D:3      | Found a snail-covered altar of Cheibriados.
  1497 | D:3      | Found a basalt altar of Yredelemnul.
  1694 | D:3      | Found a sacrificial altar of Ru.
  2038 | D:4      | Noticed an ogre
  2048 | D:4      | Killed an ogre
  2048 | D:4      | Reached skill level 4 in Dodging
  2048 | D:4      | Reached XP level 6. HP: 12/37 MP: 6/6
  2424 | D:4      | Found a staircase to the Ecumenical Temple.
  2453 | Temple   | Entered the Ecumenical Temple
  2750 | D:4      | Reached XP level 7. HP: 41/43 MP: 7/7
  3038 | D:5      | Entered Level 5 of the Dungeon
  3089 | D:5      | Found an opulent altar of Gozag.
  3430 | D:5      | Reached skill level 5 in Dodging
  3878 | D:5      | Found a runed translucent gate.
  3879 | D:5      | Found a runed translucent gate.
  3880 | D:5      | Found a runed translucent gate.
  3908 | D:5      | Noticed Folque's ghost (novice DrEE)
  4098 | D:5      | Killed Folque's ghost
  4098 | D:5      | Reached skill level 5 in Fighting
  4098 | D:5      | Reached skill level 5 in Maces & Flails
  4098 | D:5      | Reached XP level 8. HP: 10/49 MP: 8/8
  4367 | D:6      | Noticed Eustachio
  4461 | D:6      | Killed Eustachio
  4758 | D:6      | Reached skill level 6 in Dodging
  4813 | D:6      | Found Natav's Book Emporium.
  5000 | D:6      | Noticed Duvessa
  5000 | D:6      | Noticed Dowan
  5016 | D:6      | Killed Duvessa
  5016 | D:6      | Reached skill level 5 in Armour
  5021 | D:6      | Killed Dowan
  5134 | D:6      | Reached XP level 9. HP: 26/55 MP: 9/9
  5146 | D:6      | Found a radiant altar of Vehumet.
  5627 | D:6      | Found an iron altar of Okawaru.
  5919 | D:6      | Reached skill level 7 in Dodging
  6355 | D:7      | Found an ancient bone altar of Kikubaaqudgha.
  6565 | D:8      | Found a white marble altar of Elyvilon.
  6782 | D:8      | Found a sand-covered staircase.
  6795 | Ossuary  | Entered an ossuary
  7260 | Ossuary  | Reached XP level 10. HP: 51/63 MP: 10/10
  7821 | D:8      | Reached skill level 8 in Dodging
  8669 | D:9      | Got a crude helmet
  8680 | D:9      | Identified the +0 helmet "Sigoipt" {MR+} (You found it on
                  | level 9 of the Dungeon)
  8792 | D:9      | Found a shattered altar of Ashenzari.
  8806 | D:9      | Found Fefadase's Magic Scroll Shop.
  8814 | D:9      | Became a worshipper of Ashenzari the Shackled
  8830 | D:9      | Bought a scroll of identify for 28 gold pieces
  8830 | D:9      | Bought a scroll of identify for 28 gold pieces
  8833 | D:9      | Bought a scroll of magic mapping for 49 gold pieces
  8833 | D:9      | Bought a scroll of teleportation for 42 gold pieces
  8833 | D:9      | Bought a scroll of magic mapping for 49 gold pieces
  9133 | D:9      | Noticed a gargoyle
  9160 | D:9      | Killed a gargoyle
  9615 | D:10     | Entered Level 10 of the Dungeon
  9842 | D:10     | Noticed a two-headed ogre
  9854 | D:10     | Killed a two-headed ogre
 10095 | D:10     | Reached skill level 9 in Dodging
 10453 | D:10     | Reached XP level 11. HP: 66/69 MP: 11/11
 10839 | D:11     | Noticed a seven-headed hydra
 10865 | D:11     | Killed a seven-headed hydra
 11377 | D:11     | Found a staircase to the Lair.
 11378 | D:11     | Found a staircase to the Orcish Mines.
 11452 | D:11     | Reached * piety under Ashenzari
 11479 | D:11     | Killed an unseen horror
 11655 | D:11     | Noticed a manticore
 11665 | D:11     | Killed a manticore
 11847 | D:11     | Reached skill level 10 in Dodging
 12370 | D:12     | Found a large runed translucent door.
 12370 | D:12     | Found a large runed translucent door.
 12427 | D:12     | Found Hyurph's Distillery.
 12434 | D:12     | Bought a potion of heal wounds for 65 gold pieces
 12434 | D:12     | Bought 2 potions of berserk rage for 130 gold pieces
 12460 | D:12     | Noticed a two-headed ogre
 12485 | D:12     | Killed a two-headed ogre
 12622 | D:12     | Found a large runed translucent door.
 12622 | D:12     | Found a large runed translucent door.
 12951 | D:12     | Identified the ring "Leipnin" {+Inv rElec Int-4 SInv}
 12961 | D:12     | Reached XP level 12. HP: 69/76 MP: 12/12
 12972 | D:12     | Noticed a centaur warrior
 12984 | D:12     | Killed a centaur warrior
 13145 | D:12     | Noticed a five-headed hydra
 13164 | D:12     | Killed a five-headed hydra
 13168 | D:12     | Found the cursed necklace of Bloodlust {*Rage +Rage MR++
                  | Int-3 Slay+6 *Curse}
 13650 | Lair:1   | Entered Level 1 of the Lair of Beasts
 13769 | Lair:1   | Reached skill level 10 in Fighting
 13858 | Lair:1   | Reached skill level 11 in Dodging
 14100 | Lair:1   | Noticed Prince Ribbit
 14100 | Lair:1   | Noticed Erica
 14135 | Lair:1   | Killed Prince Ribbit
 14145 | Lair:1   | Killed Erica
 14145 | Lair:1   | Reached skill level 10 in Armour
 15371 | Lair:2   | Reached ** piety under Ashenzari
 15610 | Lair:2   | Reached skill level 10 in Maces & Flails
 15949 | Lair:2   | Noticed a four-headed hydra
 15959 | Lair:2   | Killed a four-headed hydra
 15959 | Lair:2   | Reached XP level 13. HP: 30/83 MP: 13/13
 16253 | Lair:2   | Found a staircase to the Swamp.
 16778 | Lair:3   | Found a staircase to the Snake Pit.
 17500 | Lair:4   | Reached skill level 12 in Dodging
 18618 | Lair:5   | Noticed Snorg
 19064 | Lair:5   | Reached *** piety under Ashenzari
 19527 | Lair:5   | Killed Snorg
 19960 | Lair:6   | Entered Level 6 of the Lair of Beasts
 20399 | Lair:5   | Gained mutation: Your large and strong wings let you fly
                  | indefinitely. [Gargoyle growth]
 20399 | Lair:5   | Reached XP level 14. HP: 68/91 MP: 14/14
 20491 | Lair:5   | Noticed Kirke
 20508 | Lair:5   | Noticed a sphinx
 20518 | Lair:5   | Killed Kirke
 20936 | Lair:5   | Found a staircase to the Slime Pits.
 21271 | Lair:5   | Reached skill level 13 in Dodging
 23229 | Lair:6   | Got the uncursed leather armour of a Labyrinth {rElec MP+9
                  | Dex+4}
 23232 | Lair:6   | Got the uncursed ring mail of the Trombone {+Inv rPois rC+
                  | rCorr}
 23391 | Lair:1   | Identified the +2 ring mail of the Trombone {+Inv rPois rC+
                  | rCorr} (You found it on level 6 of the Lair of Beasts)
 23401 | Lair:1   | Identified the +1 leather armour of a Labyrinth {rElec MP+9
                  | Dex+4} (You found it on level 6 of the Lair of Beasts)
 23460 | Orc:1    | Entered Level 1 of the Orcish Mines
 23490 | Orc:1    | Found a runed translucent gate.
 23490 | Orc:1    | Found a runed translucent gate.
 23490 | Orc:1    | Found a runed translucent gate.
 23495 | Orc:1    | Noticed ggurman's ghost (journeyman MiFi)
 24330 | Orc:2    | Entered Level 2 of the Orcish Mines
 24431 | Orc:2    | Found Tuesavvi's Gadget Emporium.
 24779 | Orc:1    | Reached XP level 15. HP: 64/97 MP: 15/15
 25254 | Orc:1    | Reached skill level 14 in Dodging
 26014 | Orc:2    | Found Fapseops's Food Emporium.
 26015 | Orc:2    | Found Ranos's Weapon Boutique.
 26016 | Orc:2    | Found Utuyty's Armour Boutique.
 26020 | Orc:2    | Found Byophico's Food Shop.
 26174 | Orc:2    | Found a staircase to the Elven Halls.
 26735 | Elf:1    | Entered Level 1 of the Elven Halls
 26735 | Elf:1    | Reached **** piety under Ashenzari
 26792 | Elf:1    | Found a ruined gateway.
 26799 | Desolati | Entered the Desolation of Salt
 27059 | Desolati | Noticed an imperial myrmidon
 27079 | Desolati | Killed an imperial myrmidon
 27413 | Desolati | Killed from afar by a crystal guardian

Skill      XL: |  1  2  3  4  5  6  7  8  9 10 11 12 13 14 15 |
---------------+----------------------------------------------+-----
Armour         | 1 2 3 4 5 6 7 9 10 11 12 13 | 13.2
Dodging        | 3 4 5 6 7 9 10 11 12 13 14 | 14.4
Fighting       | 3 4 5 7 8 9 10 11 12 13 | 13.4
Maces & Flails | 4 5 6 7 9 10 11 12 | 12.5
Throwing       | |  1.7

Action                   |  1- 3 |  4- 6 |  7- 9 | 10-12 | 13-15 || total
-------------------------+-------+-------+-------+-------+-------++-------
Melee: Flail             |   103 |   234 |   599 |  1110 |  1211 ||  3257
       Dire flail        |       |       |       |       |   579 ||   579
Throw: Throwing net      |       |       |       |     1 |       ||     1
Evoke: Wand              |       |       |       |       |     4 ||     4
  Use: Potion            |       |     1 |     5 |     8 |    12 ||    26
       Scroll            |       |       |    14 |    10 |    12 ||    36
 Stab: Invisible         |       |     1 |       |       |       ||     1
       Paralysed         |       |     1 |       |       |       ||     1
       Sleeping          |       |       |     2 |     4 |       ||     6
       Distracted        |       |       |       |     1 |       ||     1
       Held in net/web   |       |       |       |     1 |       ||     1
       Petrified         |       |       |       |       |     8 ||     8
  Eat: Chunk             |       |     7 |     6 |    28 |    30 ||    71
       Ration            |       |       |     4 |     3 |     3 ||    10
Armor: Leather armour    |    54 |    81 |   291 |   362 |       ||   788
       Ring mail         |       |       |       |   139 |   603 ||   742
       Troll leather arm |       |       |       |       |   154 ||   154
Dodge: Dodged            |    83 |   173 |   535 |  1064 |  2670 ||  4525
